AoeStats
← 只会打步弓

Arabia

508274996Analyzed
1v1 RM · 10d ago on Sep 21, 2026· 48m 12s· 2 players
Game mode
Random Map
Map size
Tiny (2 player)
Population
200
Speed
Normal
Resources
Standard
Victory
Conquest
Starting age
Dark Age
Ending age
Imperial Age
RankedLock teamsTeams togetherTeam positionsShared explorationLock speedFull tech treeHidden civsTurbo modeCheats
Victory
Defeat
🇨🇳 Mapuche · China
1913
+17
🇸🇪 Poles · Sweden
1933
-17
只会打步弓
6:02 Loom
8:38 Feudal Age
9:27 Double-Bit Axe
10:12 Horse Collar
18:45 Castle Age
16:53 Gold Mining
17:54 Fletching
18:43 Padded Archer Armor
19:26 Bodkin Arrow
20:14 Bow Saw
21:14 Leather Archer Armor
21:44 Ballistics
33:38 Wheelbarrow
35:40 Hand Cart
39:33 Imperial Age
39:17 Elite Skirmisher
41:35 Ring Archer Armor
42:06 Chemistry
41:15 Malon
43:07 Conscription
43:09 Masonry
45:17 Gold Shaft Mining
44:34 Stone Mining
44:45 Heavy Plow
45:18 Architecture
45:51 Butalmapu
46:23 Elite Bolas Rider
addro94
8:27 Feudal Age
8:28 Loom
10:30 Horse Collar
18:41 Castle Age
17:10 Fletching
17:58 Padded Archer Armor
19:48 Double-Bit Axe
20:40 Bow Saw
22:59 Elite Skirmisher
24:52 Bodkin Arrow
27:00 Ballistics
32:38 Guard Tower
38:42 Imperial Age
37:23 Masonry
39:25 Bracer
39:48 Conscription
41:29 Chemistry
43:27 Wheelbarrow
43:20 Leather Archer Armor
43:49 Light Cavalry
44:40 Bloodlines
44:30 Husbandry
46:28 Scale Barding Armor
Connection lost

Rejoining the realm…

Still unreachable

The connection could not be restored.

Session expired

The server has moved on; the page needs a fresh start.